 Dungeon Crawl Stone Soup version 0.24.1-14-gf8d2b509d9 (webtiles) character file.

Game seed: 14867380059228247221, levelgen mode: deterministic

30746 Chancelot the Cleaver (level 13, 0/84 HPs)
             Began as a Gargoyle Fighter on May 27, 2020.
             Was a High Priest of Trog.
             Killed from afar by an efreet (27 damage)
             ... with a bolt of fire
             ... on level 15 of the Dungeon on May 28, 2020.
             The game lasted 01:11:31 (14182 turns).

Chancelot the Cleaver (Gargoyle Fighter)           Turns: 14182, Time: 01:11:32

Health: 0/84       AC: 29    Str: 22    XL:     13   Next: 53%
Magic:  13/13      EV:  7    Int: 10    God:    Trog [*****.]
Gold:   1093       SH: 13    Dex: 11    Spells: 12/12 levels left

rFire    x . .     SeeInvis .   s - +7 hand axe (flame)
rCold    + . .     Gourm    .   c - +0 shield
rNeg     + + .     Faith    .   i - +3 plate armour
rPois    ∞         Spirit   .   r - +1 helmet
rElec    +         Reflect  .   (no cloak)
rCorr    .         Harm     .   (no gloves)
MR       .....                  (no boots)
Stlth    ..........             (no amulet)
HPRegen  0.24/turn              x - ring of positive energy
MPRegen  0.13/turn              v - ring of ice

@: marked
A: negative energy resistance 1, electricity resistance, unbreathing,
petrification resistance, rot immunity, AC +9
a: Berserk, Trog's Hand, Brothers in Arms, Renounce Religion


You were on level 15 of the Dungeon.
You worshipped Trog.
Trog was extremely pleased with you.
You were very hungry.

You visited 3 branches of the dungeon, and saw 17 of its levels.

You collected 1093 gold pieces.

Inventory:

Hand Weapons
 a - a +2 long sword
 h - a +6 antimagic hand axe
 m - a +4 great sword
 s - a +7 hand axe of flaming (weapon)
 D - a +2 whip of electrocution
 G - a +3 vampiric long sword
 I - a +4 dagger of flaming
 O - a +0 dagger of speed
 P - a +4 mace
Missiles
 e - 10 javelins (quivered)
Armour
 c - a +0 shield (worn)
 i - a +3 plate armour (worn)
 l - a +0 hat of intelligence
 r - a +1 helmet (worn)
 t - a +0 shield
 K - a scarf of spirit shield
 T - a +0 helmet
 X - a +0 buckler of protection
Jewellery
 v - a ring of ice (right hand)
 x - a ring of positive energy (left hand)
 R - a cursed ring of attention {unknown}
 S - an uncursed ring of poison resistance
 W - an uncursed ring of protection from cold {unknown}
Wands
 p - a wand of random effects (34)
 w - a wand of iceblast (26)
 z - a wand of enslavement (14)
 M - a wand of digging (4)
 U - a wand of acid (14)
 Y - a wand of clouds (4)
Scrolls
 b - a scroll of silence {unknown}
 g - 7 scrolls of teleportation
 j - a scroll of noise {unknown}
 k - 3 scrolls of magic mapping
 n - 6 scrolls of remove curse
 q - a scroll of enchant weapon
 u - 2 scrolls of blinking {unknown}
 y - a scroll of immolation {unknown}
 A - 4 scrolls of fog
 B - 2 scrolls of fear {unknown}
 C - 2 scrolls of enchant armour
 J - 4 scrolls of amnesia {unknown}
Potions
 d - a potion of might
 o - 4 potions of agility
 E - a potion of berserk rage
 F - 3 potions of brilliance {unknown}
 H - 2 potions of degeneration {unknown}
 L - a potion of resistance {unknown}
 N - a potion of magic {unknown}
 Q - 3 potions of lignification {unknown}
 V - a potion of curing
Miscellaneous
 Z - a lightning rod (4/4)
Comestibles
 f - 15 rations


   Skills:
 + Level 10.8 Fighting
 + Level 3.6 Long Blades
 + Level 13.1 Axes
 + Level 10.0 Armour
 + Level 2.0 Dodging
 + Level 1.4 Stealth
 + Level 12.3 Shields


You had 12 spell levels left.
You didn't know any spells.
Your spell library was empty.

Dungeon Overview and Level Annotations

Branches:
Dungeon (15/15)            Temple (1/1) D:4            Lair (1/6) D:11
    Orc (0/2) D:10         Vaults (0/5) D:13
 Depths: D:15

Altars:
Ashenzari
Cheibriados
Dithmenos
Elyvilon
Fedhas
Gozag
Hepliaklqana
Kikubaaqudgha
Makhleb
Okawaru
Qazlal
Ru
Sif Muna
Trog
Vehumet
Wu Jian
Yredelemnul
The Shining One

Shops:
D:7 ?   D:11 *

Annotations:
D:10 3 runed translucent doors, Usi Adud's ghost, novice MiFi
D:15 Kirke


Innate Abilities, Weirdness & Mutations

You are resistant to torment.
Your stone body is resilient. (AC +9)
You are immune to poison.
You resist negative energy. (rN+)
You are resistant to electric shocks. (rElec)
You can survive without breathing.
You are immune to petrification.
You are immune to rotting.


Message History

The hog bites you but does no damage. Something hits you.
The hog bites you but does no damage. Something hits you but does no damage.
You block the hog's attack. You block the bullfrog's attack.
A centaur warrior zombie comes into view.
The hog bites you but does no damage. The hog barely misses you. x2
Your plate armour prevents you from hitting the hog.
You slash the hog! You burn the hog. You closely miss the hog.
Your plate armour prevents you from hitting the hog.
You hit something. You burn something. You slash the bullfrog!
You burn the bullfrog.
Something hits you but does no damage. x2
The hog barely misses you.
The bullfrog hits you but does no damage.
The hog bites you but does no damage. You block something's attack.
The hog barely misses you. Something hits you.
A cyclops comes into view.
The efreet gestures at you.
The bolt of fire hits something!!
The bolt of fire hits you!! The fire burns you terribly!
You die...

.# ..# #.# # #.# ....
# #.####.#.. #.
#.#...<..#
###.##.#.#.....
#....@hh@<.....
####...F.hhhh..Z.#
###......R.Zh...###
......E...☼a.####
##......○○..#
####...........#####
.....C...†#.z........
##
..............W......
#.
..........#..........


You could see Kirke, a skeletal warrior, a cyclops, a freezing wraith, a water
elemental, an efreet, 7 hogs, a soldier ant, a bullfrog and 2 centaur warrior
zombies.

Vanquished Creatures
  Gastronok (D:10)
  3 centaur warriors
  3 two-headed ogres
  2 tengu warriors
  Urug (D:13)
  2 unseen horrors
  Pikel (D:4)
  2 deep elf magi
  An ugly thing (D:12)
  3 cyclopes
  A manticore (D:12)
  2 gargoyles
  A centaur skeleton (D:13)
  2 kobold demonologists
  A freezing wraith (D:14)
  A queen bee (shapeshifter) (D:14)
  4 trolls
  3 polar bears (D:13)
  2 hornets
  6 hippogriffs
  3 centaur simulacra (D:13)
  A shadow (D:8)
  A tarantella (shapeshifter) (D:13)
  2 water elementals (D:13)
  A spriggan (D:8)
  A wraith (D:11)
  A wyvern (D:9)
  16 humans
  Eustachio (D:5)
  8 yaks
  A golden eye (shapeshifter) (D:15)
  4 hungry ghosts
  Menkaure (D:5)
  Duvessa (D:5)
  9 ice beasts
  4 sky beasts
  A slave (D:4)
  7 orc warriors
  The ghost of Ascillia the Chopper, an amateur NaBe of Trog (D:3)
  2 black bears
  An eye of draining (D:9)
  4 ogres
  4 phantoms
  7 centaurs
  14 big kobolds
  10 bullfrogs
  A gnoll sergeant (D:11)
  2 wyvern skeletons
  A hornet simulacrum (D:13)
  4 scorpions
  Dowan (D:5)
  A water moccasin skeleton (D:11)
  23 killer bees
  5 wights (D:11)
  4 howler monkeys
  5 crimson imps
  4 bullfrog zombies
  A bullfrog skeleton (D:10)
  3 hounds
  4 jellies
  A quasit (D:6)
  A gnoll shaman (D:5)
  5 orc priests
  13 orc wizards
  5 iguanas
  11 worker ants
  A bullfrog simulacrum (D:13)
  A howler monkey skeleton (D:9)
  A worker ant zombie (D:9)
  13 gnolls
  16 adders
  6 shadow imps
  5 white imps (D:13)
  An ufetubus (D:13)
  An adder zombie (D:8)
  An adder skeleton (D:9)
  3 worms
  2 dart slugs
  4 leopard geckos
  38 orcs
  7 bats
  5 giant cockroaches
  12 goblins
  5 hobgoblins
  2 jackals (D:7)
  3 quokkas
  7 frilled lizards
  20 kobolds
  A quokka skeleton (D:7)
  5 rats
403 creatures vanquished.

Vanquished Creatures (others)
  An unseen horror (D:15)
  An ice beast (D:5)
  A crimson imp (D:5)
  An adder (D:9)
4 creatures vanquished.

Grand Total: 407 creatures vanquished

Notes
Turn   | Place    | Note
-------+----------+-------------------------------------------
     0 | D:1      | Chancelot the Gargoyle Fighter began the quest for the Orb.
     0 | D:1      | Reached XP level 1. HP: 14/14 MP: 1/1
   365 | D:1      | Reached XP level 2. HP: 19/19 MP: 2/2
   918 | D:2      | Reached XP level 3. HP: 21/23 MP: 3/3
  1532 | D:3      | Reached XP level 4. HP: 28/29 MP: 4/4
  1867 | D:3      | Found a runed translucent door.
  1868 | D:3      | Noticed Ascillia's ghost (amateur NaBe)
  1902 | D:3      | Killed Ascillia's ghost
  1902 | D:3      | Reached XP level 5. HP: 13/33 MP: 5/5
  1909 | D:3      | Got a steaming quarterstaff
  1967 | D:3      | Reached skill level 1 in Axes
  2475 | D:4      | Reached XP level 6. HP: 34/38 MP: 6/6
  2783 | D:4      | Found a staircase to the Ecumenical Temple.
  2794 | Temple   | Entered the Ecumenical Temple
  2831 | Temple   | Became a worshipper of Trog the Wrathful
  3175 | D:5      | Entered Level 5 of the Dungeon
  3175 | D:5      | Noticed a slave
  3180 | D:5      | Noticed Pikel
  3181 | D:5      | Noticed a slave
  3182 | D:5      | Noticed a slave
  3197 | D:4      | Killed a slave
  3202 | D:5      | Noticed a slave
  3244 | D:4      | Killed Pikel
  3244 | D:4      | Reached skill level 3 in Axes
  3244 | D:4      | Reached skill level 1 in Dodging
  3244 | D:4      | Reached skill level 5 in Shields
  3244 | D:4      | Reached XP level 7. HP: 30/43 MP: 7/7
  3310 | D:5      | Reached skill level 5 in Armour
  3330 | D:5      | Reached skill level 4 in Axes
  3340 | D:5      | Reached XP level 8. HP: 34/48 MP: 8/8
  3409 | D:5      | Noticed Duvessa
  3410 | D:5      | Noticed Dowan
  3455 | D:5      | Killed Dowan
  3466 | D:5      | Killed Duvessa
  3609 | D:5      | Found a stormy altar of Qazlal.
  3682 | D:5      | Reached skill level 5 in Axes
  3712 | D:5      | Noticed Eustachio
  3764 | D:5      | Killed Eustachio
  3852 | D:5      | Noticed Menkaure
  3863 | D:5      | Killed Menkaure
  3863 | D:5      | Reached skill level 5 in Fighting
  3982 | D:5      | Found an iron altar of Okawaru.
  4186 | D:6      | Reached * piety under Trog
  4186 | D:6      | Reached XP level 9. HP: 43/54 MP: 9/9
  4295 | D:6      | Reached skill level 6 in Axes
  4411 | D:6      | Killed an unseen horror
  5026 | D:6      | Found a shimmering blue altar of Sif Muna.
  5199 | D:7      | Found Yjyv's Magic Scroll Emporium.
  5227 | D:7      | Noticed a hornet
  5244 | D:7      | Killed a hornet
  5354 | D:7      | Found a glowing golden altar of the Shining One.
  5357 | D:7      | Found a snail-covered altar of Cheibriados.
  5395 | D:7      | Reached skill level 7 in Axes
  5444 | D:7      | Reached XP level 10. HP: 48/61 MP: 10/10
  5948 | D:8      | Reached ** piety under Trog
  6181 | D:8      | Reached skill level 8 in Axes
  6814 | D:8      | Noticed a cyclops
  6837 | D:8      | Noticed a centaur warrior
  6855 | D:8      | HP: 3/63 [cyclops (20)]
  6856 | D:8      | Killed a cyclops
  6892 | D:8      | Noticed a kobold demonologist
  7135 | D:8      | Killed a kobold demonologist
  7208 | D:8      | Reached skill level 9 in Axes
  7209 | D:8      | Noticed a gargoyle
  7230 | D:8      | Killed a gargoyle
  7580 | D:8      | Reached XP level 11. HP: 60/68 MP: 11/11
  7639 | D:8      | Reached *** piety under Trog
  7838 | D:9      | Found a sacrificial altar of Ru.
  8433 | D:9      | Reached skill level 10 in Axes
  8754 | D:9      | Noticed a centaur warrior
  8780 | D:9      | Noticed a deep elf mage
  8815 | D:9      | Killed a centaur warrior
  8871 | D:9      | Killed a deep elf mage
  9241 | D:10     | Entered Level 10 of the Dungeon
  9517 | D:10     | Noticed Gastronok
  9553 | D:10     | Killed Gastronok
  9553 | D:10     | Reached skill level 10 in Shields
  9574 | D:10     | Reached **** piety under Trog
  9608 | D:10     | You fall into a shaft and drop 1 floor!
  9608 | D:11     | Noticed a cyclops
  9632 | D:11     | Found Xiasimaf's Elemental Accessories.
  9758 | D:11     | Killed a cyclops
  9844 | D:11     | Killed an unseen horror
  9844 | D:11     | Reached skill level 11 in Axes
  9844 | D:11     | Reached XP level 12. HP: 64/76 MP: 12/12
  9989 | D:11     | Noticed a two-headed ogre
  9990 | D:11     | Noticed a two-headed ogre
  9991 | D:11     | Noticed a two-headed ogre
  9992 | D:11     | Noticed an ogre mage
 10011 | D:11     | Killed a two-headed ogre
 10396 | D:10     | Found a staircase to the Orcish Mines.
 10501 | D:10     | Found a runed translucent gate.
 10501 | D:10     | Found a runed translucent gate.
 10501 | D:10     | Found a runed translucent gate.
 10508 | D:10     | Noticed Usi Adud's ghost (novice MiFi)
 10608 | D:10     | Reached ***** piety under Trog
 11086 | D:11     | Found a staircase to the Lair.
 11091 | Lair:1   | Entered Level 1 of the Lair of Beasts
 11231 | D:11     | Reached skill level 1 in Stealth
 11444 | D:11     | Noticed a tengu warrior
 11482 | D:11     | Killed a tengu warrior
 12014 | D:12     | Noticed an eight-headed hydra
 12263 | D:12     | Reached skill level 12 in Axes
 12418 | D:13     | Noticed a centaur warrior
 12432 | D:13     | Reached skill level 10 in Fighting
 12436 | D:13     | Noticed Urug
 12448 | D:12     | Killed a centaur warrior
 12604 | D:13     | Killed Urug
 12604 | D:13     | Reached XP level 13. HP: 59/82 MP: 13/13
 12880 | D:13     | Received a gift from Trog
 13373 | D:13     | Found a bloodstained altar of Trog.
 13471 | D:13     | Found a shadowy altar of Dithmenos.
 13633 | D:13     | Reached skill level 13 in Axes
 13633 | D:13     | Reached skill level 10 in Armour
 13828 | D:13     | Found a gate to the Vaults.
 14119 | D:14     | You fall into a shaft and drop 1 floor!
 14119 | D:15     | Entered Level 15 of the Dungeon
 14119 | D:15     | Found a hazy altar of Hepliaklqana.
 14177 | D:15     | Noticed Kirke
 14182 | D:15     | Killed from afar by an efreet

Levels and vault maps discovered:
D:1:      moated_graveyard_arrival, layout_basic, serial_forest,
          infiniplex_forest_lined_room_3, infiniplex_forest_clump_diagonal,
          infiniplex_forest_straight_2, infiniplex_forest_straight_4,
          infiniplex_forest_lined_room_2, infiniplex_forest_side_room,
          infiniplex_forest_lined_2, infiniplex_forest_corner_2,
          infiniplex_forest_lined_corner, infiniplex_forest_lined_2
D:2:      minmay_chambers_of_ones, layout_basic
D:3:      layout_loops_cross, ebering_ghost_reflecting_pool,
          minmay_misc_feat_ornament, chequers_mini_garden
D:4:      layout_basic, lemuel_temple_firewalk_b, first_ration
D:5:      layout_loops_ring, lemuel_crystal_altar, kennysheep_mini,
          uniq_eustachio, uniq_menkaure, uniq_pikel, uniq_duvessa
D:6:      kennysheep_big_flooded_room, layout_loops_ring, led_sif_book,
          minmay_misc_feat_doors
D:7:      layout_gridville, chequers_temple_overflow_statue_of_worship,
          serial_shops, shop_statue, minmay_misc_feat_square, minmay_circle_x
D:8:      hangedman_cross_veins, layout_loops_corners, the_bakery
D:9:      layout_irregular_city, overflow_temple_1_default, grunt_tough_drop
D:10:     layout_long_grid, erik_orc_4, special_room [special_room_kobold],
          gammafunk_ghost_spectres, uniq_gastronok
D:11:     layout_small_grid, lair_entry_dummy, enter_bailey_2,
          nicolae_elemental_shop
D:12:     layout_stronghold
D:13:     layout_cave_pools, david_vaults_3, basic_altar, serial_ice,
          serial_ice_a, serial_ice_d, serial_ice_g, serial_ice_f, serial_ice_n,
          serial_ice_b, serial_ice_c, serial_ice_k,
          nicolae_dithmenos_shadow_blocks
D:14:     layout_basic, hangedman_abyss_or_decor_clamps,
          nicolae_tso_carved_into_rock
D:15:     gammafunk_enter_depths_forms, layout_rooms, minmay_stone_trees_medium,
          basic_altar, lightli_minifort, uniq_louise, uniq_kirke
Temple:   nicolae_temple_elliptical
Lair:1:   layout_regular_city, beast_lair_carwin_3, uniq_grum

Skill      XL: |  1  2  3  4  5  6  7  8  9 10 11 12 13 |
---------------+----------------------------------------+-----
Long Blades    | 2 3 |  3.6
Armour         | 4 5 7 8 9 10 | 10.0
Axes           | 1 3 4 5 7 9 11 12 13 | 13.1
Shields        | 4 5 6 8 9 10 11 12 | 12.3
Fighting       | 4 5 6 7 9 10 | 10.8
Dodging        | 1 2 |  2.0
Stealth        | 1 |  1.4

Action                   |  1- 3 |  4- 6 |  7- 9 | 10-12 | 13-15 || total
-------------------------+-------+-------+-------+-------+-------++-------
Melee: Long sword        |   112 |     5 |       |       |       ||   117
       Hand axe          |       |   169 |   412 |  1115 |   258 ||  1954
Invok: Trog's Hand       |       |       |       |     1 |       ||     1
  Use: Scroll            |       |     5 |     8 |    15 |     3 ||    31
       Potion            |       |       |     3 |    12 |     2 ||    17
  Eat: Ration            |     1 |     1 |     2 |     6 |       ||    10
       Chunk             |     1 |       |     3 |     7 |     6 ||    17
Armor: Scale mail        |    90 |     3 |       |       |       ||    93
       Plate armour      |       |   136 |   351 |   553 |   174 ||  1214
Dodge: Dodged            |    56 |    27 |    61 |   221 |    65 ||   430
Block: Shield            |    84 |    93 |   239 |   534 |   151 ||  1101
       Rpst.: Long sword |    20 |       |       |       |       ||    20
